 Dungeon Crawl Stone Soup version 0.30-a0-174-gbc10bd73c2 (webtiles) character file.

Game seed: 14196441146081819520

142 qw the Chopper (level 5, -4/32 HPs)
             Began as a Gargoyle Fighter on Oct 1, 2022.
             Slain by a gnoll
             ... wielding a +0 flail
              (6 damage)
             ... on level 2 of the Dungeon.
             The game lasted 00:00:46 (1746 turns).

qw the Chopper (Gargoyle Fighter)                   Turns: 1746, Time: 00:00:47

Health: -4/32      AC: 10    Str: 22    XL:     5   Next: 24%
Magic:  5/5        EV:  9    Int:  8    God:
Gold:   42         SH:  4    Dex:  9    Spells: 4/4 levels left

rFire   . . .      SeeInvis .    Y - +0 war axe
rCold   . . .      Faith    .    c - +0 buckler
rNeg    + . .      Spirit   .    b - +0 scale mail
rPois   inf        Reflect  .    (no helmet)
rElec   +          Harm     .    (no cloak)
rCorr   .          Rampage  .    (no gloves)
Will    .....                    (no boots)
Stlth   ..........               (no amulet)
HPRegen 0.25/turn                (no ring)
MPRegen 0.09/turn                (no ring)

@: no status effects
A: sickness immunity, AC +4, negative energy resistance 1, electricity
resistance, torment resistance 1, petrification resistance
a: no special abilities


You were on level 2 of the Dungeon.
You visited 1 branch of the dungeon, and saw 2 of its levels.

You collected 42 gold pieces.


Innate Abilities, Weirdness & Mutations

You are immune to sickness and miasma.
Your stone body is resilient. (AC +4)
You are immune to poison.
You resist negative energy. (rN+)
You are resistant to electric shocks. (rElec)
You are resistant to unholy torment.
You are immune to petrification.


   Skills:
 - Level 3.2 Fighting
 + Level 4.8 Axes
 - Level 3.2 Armour
 - Level 3.2 Shields


You had 4 spell levels left.
You didn't know any spells.
Your spell library was empty.

Inventory:

Hand Weapons
 l - a +0 club
 Y - a +0 war axe (weapon)
Armour
 b - a +0 scale mail (worn)
 c - a +0 buckler (worn)
Scrolls
 a - a scroll of identify
 i - a scroll of enchant armour {unknown}
 m - a scroll of fog {unknown}
Potions
 d - a potion of might
 e - 2 potions of curing {unknown}
 f - a potion of heal wounds {unknown}
 g - a potion of brilliance {unknown}
 h - 2 potions of attraction {unknown}
 j - a potion of resistance {unknown}
 k - a potion of mutation {unknown}

Dungeon Overview and Level Annotations

Branches:
Dungeon (2/15)

Altars:


Message History

You barely miss the worm.
The worm is moderately wounded.
The worm closely misses you.
You hit the worm.
The worm is heavily wounded.
The worm bites you but does no damage.
You slash the worm!
You kill the worm!
You start resting.
HP restored.
A giant cockroach comes into view.
The giant cockroach bites you but does no damage.
You slash the giant cockroach!
You kill the giant cockroach!
m - a scroll labelled ISAEGREXZODE A gnoll comes into view.
It is wielding a +4 halberd.
The gnoll moves out of view.
A gnoll comes into view. It is wielding a +0 spear.
The gnoll shouts!
You hear a shout! 2 gnolls come into view.
The gnoll shouts! x2
The gnoll hits you with a +4 halberd!
You completely miss the gnoll.
The gnoll hits you from afar with a +0 spear.
The gnoll barely misses you.
You barely miss the gnoll. You closely miss the gnoll.
The gnoll hits you from afar with a +0 spear.
The gnoll hits you but does no damage. The gnoll barely misses you. x2
You block the gnoll's attack. The gnoll closely misses you.
You hit the gnoll but do no damage. You barely miss the gnoll.
You block the gnoll's attack. The gnoll completely misses you.
You block the gnoll's attack.
You barely miss the gnoll. You hit the gnoll but do no damage.
The gnoll closely misses you. The gnoll hits you with a +0 flail.
The gnoll hits you with a +4 halberd!
You hit the gnoll.
The gnoll is heavily wounded.
You completely miss the gnoll. The gnoll closely misses you.
The gnoll hits you with a +0 flail.
You die...

.......# . #......###.#
######## #..... #.######
#.# # ##..... #.# #.# #
....... #.########.# #
....... #.#........# ##
....... #.#.######### .#
......g #.#.#........ .#
......g#####.#.#.#######
.# .....gg@.......#.# .#
.....#######.###.# .#
... #.....# .# . #######
.# .# .# .# ##


You could see 4 gnolls.

Vanquished Creatures
  A phantom (D:2)
  An adder (D:2)
  2 worms (D:2)
  2 dart slugs
  5 endoplasms
  5 giant cockroaches
  3 goblins (D:1)
  A hobgoblin (D:1)
  2 jackals (D:1)
  3 kobolds
  3 quokkas
  6 ball pythons
  6 bats
  2 frilled lizards
  2 rats
44 creatures vanquished.

Notes
Turn   | Place    | Note
-------+----------+-------------------------------------------
     0 | D:1      | qw the Gargoyle Fighter began the quest for the Orb.
     0 | D:1      | Reached XP level 1. HP: 14/14 MP: 1/1
     0 | D:1      | 0 ||| qw: Version: 0.2-a-13-gfc7b4b4
     0 | D:1      | 0 ||| qw: Game counter: 1931
     0 | D:1      | 0 ||| qw: Always use a shield: true
     0 | D:1      | 0 ||| qw: God list: Okawaru
     0 | D:1      | 0 ||| qw: Allow faded altars: false
     0 | D:1      | 0 ||| qw: Do Orc after D:15 true
     0 | D:1      | 0 ||| qw: Do second Lair branch before Depths: true
     0 | D:1      | 0 ||| qw: Lair rune preference: random
     0 | D:1      | 0 ||| qw: Plans: Normal, Zot:1-4, God:TSO, Crypt, Tomb,
                  | Pan, Slime:5, Hells, Abyss, Orb
     0 | D:1      | 0 ||| PLANNING D:1-11
    20 | D:1      | 20 ||| Stepping ~*~*~tactically~*~*~ (stealth).
    21 | D:1      | 21 ||| Stepping ~*~*~tactically~*~*~ (stealth).
    43 | D:1      | Reached skill level 2 in Axes
   160 | D:1      | Reached XP level 2. HP: 19/19 MP: 2/2
   577 | D:1      | Reached skill level 3 in Axes
   613 | D:1      | Reached XP level 3. HP: 23/23 MP: 3/3
   958 | D:1      | 958 ||| READING 2 scrolls labelled XEBRIO TEVOES.
   959 | D:1      | 959 ||| READING scroll labelled ASIKHL AREMP.
   960 | D:1      | 960 ||| READING scroll labelled ARAQEPP MOZIE.
  1082 | D:2      | Noticed a phantom
  1110 | D:2      | Killed a phantom
  1111 | D:2      | Reached skill level 4 in Axes
  1111 | D:2      | Reached XP level 4. HP: 17/28 MP: 4/4
  1234 | D:2      | Reached XP level 5. HP: 32/32 MP: 5/5
  1306 | D:2      | 1306 ||| Stepping ~*~*~tactically~*~*~ (stealth).
  1413 | D:2      | Found a faded altar of an unknown god.
  1745 | D:2      | HP: 2/32 [gnoll/+4 halberd (8)]
  1746 | D:2      | Slain by a gnoll

Levels and vault maps discovered:
D:1:      sevenhm_arrival_forest_fort_small_6, layout_basic, amethyst_killhole,
          fountainhead
D:2:      layout_basic, ebering_ecumenical_altar_mist

Skill      XL: |  1  2  3 |
---------------+----------+-----
Axes           | 2 3 4 |  4.8
Fighting       | |  3.2
Armour         | |  3.2
Shields        | |  3.2

Action                   |  1- 3 |  4- 6 || total
-------------------------+-------+-------++-------
Melee: War axe           |   112 |    71 ||   183
  Use: Scroll            |     3 |       ||     3
Armor: Scale mail        |    71 |    38 ||   109
Dodge: Dodged            |    52 |    24 ||    76
Block: Buckler           |    25 |    18 ||    43

Table legend:
 A = Non-vault XP
 B = Vault XP
 C = Vault XP percentage of total XP
 D = Non-vault monster count
 E = Vault monster count
 F = Vault count percentage of total count
                 A         B        C        D         E       F
            +---------+---------+-------+---------+---------+-------
      Total |     203 |       0 |   0.0 |      44 |       0 |   0.0
            +---------+---------+-------+---------+---------+-------
        D:1 |      41 |       0 |   0.0 |      22 |       0 |   0.0
        D:2 |     162 |       0 |   0.0 |      22 |       0 |   0.0
            +---------+---------+-------+---------+---------+-------
